PL
NORTHERN VIRGINIA RAINBOW MERMAIDS @ LAS VEGAS FLAMINGOS
07/16/2034
 
TOP OF THE 1ST
Northern Virginia Rainbow Mermaids batting - Pitching for Las Vegas Flamingos : RHP Toddster Gordo
Pitching: RHP Toddster Gordo
Batting: RHB Colt Cabana 0-0: Ball
1-0: Called Strike
1-1: Ball
2-1: Fly out, F7 (Flyball, 7D)
Batting: SHB Eustacio Tafalla 0-0: Ball
1-0: Foul Ball, location: 2F
1-1: Ball
2-1: Foul Ball, location: 2F
2-2: Strikes out swinging
Batting: RHB Zahid Kashani 0-0: Called Strike
0-1: Ball
1-1: Ground out 4-3 (Groundball, 6MS)
Top of the 1st over - 0 runs, 0 hits, 0 errors, 0 left on base; Northern Virginia 0 - Las Vegas 0
BOTTOM OF THE 1ST
Las Vegas Flamingos batting - Pitching for Northern Virginia Rainbow Mermaids : RHP Eric Matson
Pitching: RHP Eric Matson
Batting: LHB Ruud van Ineveld 0-0: Ball
1-0: Called Strike
1-1: Ground out 4-3 (Groundball, 4)
Batting: RHB Shihei Kichikawa 0-0: Ball
1-0: DOUBLE (Line Drive, 9LM)
Batting: RHB Baldomero Avino 0-0: Ball
Shihei Kichikawa steals 3rd base
1-0: Fly out, F8 (Flyball, 8LD)
Runner from 3rd tags up, SCORES, no throw
Batting: LHB Victor Adams 0-0: Swinging Strike
0-1: Ball
1-1: Called Strike
1-2: Foul Ball, location: 2F
1-2: Strikes out swinging
Bottom of the 1st over - 1 run, 1 hit, 0 errors, 0 left on base; Northern Virginia 0 - Las Vegas 1
TOP OF THE 2ND
Northern Virginia Rainbow Mermaids batting - Pitching for Las Vegas Flamingos : RHP Toddster Gordo
Batting: SHB Takashi Noda 0-0: Foul Ball, location: 2F
0-1: Foul Ball, location: 2F
0-2: SOLO HOME RUN (Flyball, 9LD), Distance : 355 ft
Batting: RHB Ray Walker 0-0: Swinging Strike
0-1: Ball
1-1: Ground out 4-3 (Groundball, 4)
Batting: LHB Shelby Noonan 0-0: Ground out 1-3 (Groundball, P)
Batting: RHB Luis Yander La O 0-0: Called Strike
0-1: Called Strike
0-2: Strikes out swinging
Top of the 2nd over - 1 run, 1 hit, 0 errors, 0 left on base; Northern Virginia 1 - Las Vegas 1
BOTTOM OF THE 2ND
Las Vegas Flamingos batting - Pitching for Northern Virginia Rainbow Mermaids : RHP Eric Matson
Batting: LHB Ty Tomblin 0-0: Called Strike
0-1: SINGLE (Line Drive, 78M)
Batting: RHB Xavier Hernández 0-0: Called Strike
0-1: Called Strike
0-2: Ball
1-2: Ball
2-2: Fly out, F7 (Flyball, 7S)
Batting: SHB Glyn Bolasky 0-0: Foul Ball, location: 2F
0-1: Called Strike
0-2: Ball
1-2: Strikes out swinging
Batting: RHB Ellis Greenham 0-0: Ball
1-0: Swinging Strike
1-1: Foul Ball, location: 2F
1-2: Foul Ball, location: 2F
1-2: Strikes out swinging
Bottom of the 2nd over - 0 runs, 1 hit, 0 errors, 1 left on base; Northern Virginia 1 - Las Vegas 1
TOP OF THE 3RD
Northern Virginia Rainbow Mermaids batting - Pitching for Las Vegas Flamingos : RHP Toddster Gordo
Batting: LHB Rio Mence 0-0: Called Strike
0-1: Called Strike
0-2: Ball
1-2: Strikes out swinging
Batting: RHB Tommy Socorro 0-0: Foul Ball, location: 2F
0-1: Ground out 1-3 (Groundball, 13)
Batting: RHB Colt Cabana 0-0: Swinging Strike
0-1: Called Strike
0-2: Fly out, F7 (Line Drive, 7)
Top of the 3rd over - 0 runs, 0 hits, 0 errors, 0 left on base; Northern Virginia 1 - Las Vegas 1
BOTTOM OF THE 3RD
Las Vegas Flamingos batting - Pitching for Northern Virginia Rainbow Mermaids : RHP Eric Matson
Batting: RHB Sun-jae Kwak 0-0: Ground out 5-3 (Groundball, 56)
Batting: LHB Ruud van Ineveld 0-0: Foul Ball, location: 2F
0-1: SINGLE (Groundball, 6D)
Batting: RHB Shihei Kichikawa 0-0: Ball
1-0: Called Strike
1-1: Foul Ball, location: 2F
1-2: Strikes out swinging
Batting: RHB Baldomero Avino 0-0: Ball
Ruud van Ineveld steals 2nd base
1-0: Ball
2-0: Ball
3-0: Base on Balls
Batting: LHB Victor Adams 0-0: Ball
1-0: Ground out 3-1 (Groundball, 34)
Bottom of the 3rd over - 0 runs, 1 hit, 0 errors, 2 left on base; Northern Virginia 1 - Las Vegas 1
TOP OF THE 4TH
Northern Virginia Rainbow Mermaids batting - Pitching for Las Vegas Flamingos : RHP Toddster Gordo
Batting: SHB Eustacio Tafalla 0-0: Foul Ball, location: 2F
0-1: Ball
1-1: Swinging Strike
1-2: Ball
2-2: SINGLE (Line Drive, 56)
Batting: RHB Zahid Kashani 0-0: Ball
1-0: Ball
2-0: Called Strike
2-1: Swinging Strike
2-2: DOUBLE (Groundball, 5L)
Eustacio Tafalla to third
Runner from 3rd tries for Home, SAFE, no throw
Batting: SHB Takashi Noda 0-0: Ball
1-0: Called Strike
Zahid Kashani steals 3rd base
1-1: Called Strike
1-2: Ball
2-2: Ball
3-2: Fly out, F9 (Flyball, 9LS)
Runner from 3rd tags up, SCORES, throw made
Batting: RHB Ray Walker 0-0: Ground out 3-1 (Groundball, 34)
Batting: LHB Shelby Noonan 0-0: Ball
1-0: Swinging Strike
1-1: SINGLE (Groundball, 6MD)
Batting: RHB Luis Yander La O 0-0: DOUBLE (Line Drive, 89S)
Shelby Noonan to third
Runner from 3rd tries for Home, SAFE, no throw
Batting: LHB Rio Mence 0-0: Called Strike
0-1: TRIPLE (Line Drive, 89XD)
Luis Yander La O scores
Batting: RHB Tommy Socorro 0-0: Ball
1-0: Foul Ball, location: 2F
1-1: Ball
2-1: SINGLE (Line Drive, 7S)
Rio Mence scores
Pitching: LHP Alfonso Zapata
Batting: RHB Colt Cabana 0-0: Ball
1-0: Called Strike
1-1: Swinging Strike
1-2: SINGLE (Line Drive, 78S)
Tommy Socorro to second
Batting: SHB Eustacio Tafalla 0-0: 3-RUN HOME RUN (Flyball, 7D), Distance : 399 ft
Batting: RHB Zahid Kashani 0-0: Called Strike
0-1: Called Strike
0-2: Hit by Pitch
Batting: SHB Takashi Noda 0-0: Called Strike
0-1: Called Strike
Zahid Kashani steals 2nd base
0-2: SINGLE (Groundball, 56D)
Zahid Kashani to third
Runner from 3rd tries for Home, SAFE, no throw
Batting: RHB Ray Walker 0-0: Foul Ball, location: 2F
0-1: Called Strike
0-2: DOUBLE (Flyball, 78XD)
Takashi Noda to third
Runner from 3rd tries for Home, SAFE, no throw
Batting: LHB Shelby Noonan 0-0: Ball
1-0: Ball
2-0: Called Strike
2-1: Ball
3-1: Foul Ball, location: 2F
3-2: Foul Ball, location: 2F
3-2: Base on Balls
Batting: RHB Luis Yander La O 0-0: Ball
1-0: Fly out, F9 (Flyball, 9LMF)
Top of the 4th over - 10 runs, 10 hits, 0 errors, 2 left on base; Northern Virginia 11 - Las Vegas 1
BOTTOM OF THE 4TH
Las Vegas Flamingos batting - Pitching for Northern Virginia Rainbow Mermaids : RHP Eric Matson
Batting: LHB Ty Tomblin 0-0: Fly out, F7 (Flyball, 78D)
Batting: RHB Xavier Hernández 0-0: Called Strike
0-1: Ball
1-1: Swinging Strike
1-2: Foul Ball, location: 2F
1-2: Ball
2-2: Ball
3-2: Ground out 5-3 (Groundball, 56)
Batting: SHB Glyn Bolasky 0-0: Called Strike
0-1: Ball
1-1: Ball
2-1: Ball
3-1: Base on Balls
Batting: RHB Ellis Greenham 0-0: Ground out 4-3 (Groundball, 4)
Bottom of the 4th over - 0 runs, 0 hits, 0 errors, 1 left on base; Northern Virginia 11 - Las Vegas 1
TOP OF THE 5TH
Northern Virginia Rainbow Mermaids batting - Pitching for Las Vegas Flamingos : LHP Alfonso Zapata
Batting: LHB Rio Mence 0-0: Called Strike
0-1: Called Strike
0-2: Ground out 6-3 (Groundball, 6D)
Batting: RHB Tommy Socorro 0-0: Called Strike
0-1: Called Strike
0-2: Strikes out swinging
Batting: RHB Colt Cabana 0-0: Called Strike
0-1: Ball
1-1: Foul Ball, location: 2F
1-2: Ball
2-2: Ball
3-2: SINGLE (Line Drive, 7S)
Batting: SHB Eustacio Tafalla 0-0: Called Strike
0-1: Ball
1-1: Fly out, F9 (Line Drive, 89M)
Top of the 5th over - 0 runs, 1 hit, 0 errors, 1 left on base; Northern Virginia 11 - Las Vegas 1
BOTTOM OF THE 5TH
Las Vegas Flamingos batting - Pitching for Northern Virginia Rainbow Mermaids : RHP Eric Matson
Batting: RHB Sun-jae Kwak 0-0: Ball
1-0: Called Strike
1-1: Fly out, F7 (Flyball, 7LS)
Batting: LHB Ruud van Ineveld 0-0: Ball
1-0: Ball
2-0: Called Strike
2-1: Fly out, F8 (Flyball, 8RD)
Batting: RHB Shihei Kichikawa 0-0: Ball
1-0: Foul Ball, location: 2F
1-1: SINGLE (Line Drive, 9S)
Batting: RHB Baldomero Avino 0-0: Called Strike
0-1: Called Strike
0-2: Foul Ball, location: 2F
0-2: Ball
1-2: Fly out, F7 (Flyball, 78M)
Bottom of the 5th over - 0 runs, 1 hit, 0 errors, 1 left on base; Northern Virginia 11 - Las Vegas 1
TOP OF THE 6TH
Northern Virginia Rainbow Mermaids batting - Pitching for Las Vegas Flamingos : LHP Alfonso Zapata
Batting: RHB Zahid Kashani 0-0: Called Strike
0-1: Swinging Strike
0-2: Ball
1-2: Fly out, F8 (Line Drive, 78M)
Pinch Hitting: RHB Steven Rohrs 0-0: SINGLE (Groundball, 6MD)
Batting: RHB Ray Walker 0-0: Ball
Steven Rohrs steals 2nd base
1-0: Called Strike
1-1: Swinging Strike
1-2: Strikes out swinging
Batting: LHB Shelby Noonan 0-0: Ball
1-0: Ball
2-0: Called Strike
2-1: Ball
3-1: Fly out, F5 (Popup, 5SF)
Top of the 6th over - 0 runs, 1 hit, 0 errors, 1 left on base; Northern Virginia 11 - Las Vegas 1
BOTTOM OF THE 6TH
Las Vegas Flamingos batting - Pitching for Northern Virginia Rainbow Mermaids : RHP Eric Matson
Now in LF: Steven Rohrs
Batting: LHB Victor Adams 0-0: Called Strike
0-1: Ball
1-1: Ball
2-1: Ground out 5-3 (Groundball, 56)
Batting: LHB Ty Tomblin 0-0: Called Strike
0-1: Foul Ball, location: 2F
0-2: Strikes out swinging
Batting: RHB Xavier Hernández 0-0: Ball
1-0: Foul Ball, location: 2F
1-1: Ball
2-1: Called Strike
2-2: Strikes out swinging
Bottom of the 6th over - 0 runs, 0 hits, 0 errors, 0 left on base; Northern Virginia 11 - Las Vegas 1
TOP OF THE 7TH
Northern Virginia Rainbow Mermaids batting - Pitching for Las Vegas Flamingos : LHP Alfonso Zapata
Batting: RHB Luis Yander La O 0-0: Ball
1-0: Swinging Strike
1-1: Foul Ball, location: 2F
1-2: Strikes out looking
Batting: LHB Rio Mence 0-0: Called Strike
0-1: Fly out, F9 (Flyball, 9S)
Batting: RHB Tommy Socorro 0-0: Called Strike
0-1: Called Strike
0-2: Ball
1-2: Ball
2-2: Ball
3-2: Foul Ball, location: 2F
3-2: Strikes out looking
Top of the 7th over - 0 runs, 0 hits, 0 errors, 0 left on base; Northern Virginia 11 - Las Vegas 1
BOTTOM OF THE 7TH
Las Vegas Flamingos batting - Pitching for Northern Virginia Rainbow Mermaids : RHP Eric Matson
Batting: SHB Glyn Bolasky 0-0: Called Strike
0-1: Ball
1-1: Ball
2-1: Fly out, F5 (Popup, 56S)
Batting: RHB Ellis Greenham 0-0: Called Strike
0-1: SINGLE (Line Drive, 56)
Batting: RHB Sun-jae Kwak 0-0: Foul Ball, location: 2F
0-1: Ball
1-1: Ball
2-1: Ball
3-1: Called Strike
3-2: Strikes out swinging
Ellis Greenham steals 2nd base
Batter strikes out.
Batting: LHB Ruud van Ineveld 0-0: Ball
1-0: Foul Ball, location: 2F
1-1: Ball
2-1: SINGLE (Line Drive, 9S)
Ellis Greenham to third
Runner from 3rd tries for Home, SAFE, no throw
Batting: RHB Shihei Kichikawa 0-0: Called Strike
0-1: Called Strike
0-2: Ball
1-2: Foul Ball, location: 2F
1-2: Strikes out swinging passed ball, reaches first!
Ruud van Ineveld to second
Pitching: LHP Francisco Torres
Batting: RHB Baldomero Avino 0-0: Foul Ball, location: 2F
0-1: Foul Ball, location: 2F
0-2: Foul Ball, location: 2F
0-2: Ball
1-2: Fly out, F7 (Flyball, 7)
Bottom of the 7th over - 1 run, 2 hits, 0 errors, 2 left on base; Northern Virginia 11 - Las Vegas 2
TOP OF THE 8TH
Northern Virginia Rainbow Mermaids batting - Pitching for Las Vegas Flamingos : LHP Alfonso Zapata
Batting: RHB Colt Cabana 0-0: Called Strike
0-1: Foul Ball, location: 2F
0-2: Foul Ball, location: 2F
0-2: Ball
1-2: Strikes out swinging
Batting: SHB Eustacio Tafalla 0-0: Ball
1-0: Ball
2-0: Ball
3-0: Base on Balls
Pitching: RHP Esteban Ruíz
Batting: RHB Zahid Kashani 0-0: Fielders Choice at 2nd, 4-6 (Groundball, 4)
Batting: RHB Steven Rohrs 0-0: Ball
1-0: Called Strike
1-1: Fielders Choice at 2nd, 5-4 (Groundball, 5L)
Top of the 8th over - 0 runs, 0 hits, 0 errors, 1 left on base; Northern Virginia 11 - Las Vegas 2
BOTTOM OF THE 8TH
Las Vegas Flamingos batting - Pitching for Northern Virginia Rainbow Mermaids : LHP Francisco Torres
Batting: LHB Victor Adams 0-0: Ball
1-0: Called Strike
1-1: Foul Ball, location: 2F
1-2: Ball
2-2: Ball
3-2: SINGLE (Line Drive, 6MD)
Batting: LHB Ty Tomblin 0-0: SINGLE (Line Drive, 8LS)
Victor Adams to second
Batting: RHB Xavier Hernández 0-0: Foul Ball, location: 2F
0-1: Ball
1-1: Foul Ball, location: 2F
1-2: Ball
2-2: Foul Ball, location: 2F
2-2: Fly out, F8 (Flyball, 8RD)
Batting: SHB Glyn Bolasky 0-0: Ball
1-0: Swinging Strike
1-1: Ball
2-1: SINGLE (Flyball, 8LS)
Victor Adams to third
Ty Tomblin to second
Batting: RHB Ellis Greenham 0-0: SINGLE (Groundball, 56D)
Victor Adams scores
Ty Tomblin to third
Glyn Bolasky to second
Runner from 3rd tries for Home, SAFE, no throw
Batting: RHB Sun-jae Kwak 0-0: Swinging Strike
0-1: Foul Ball, location: 2F
0-2: Foul Ball, location: 2F
0-2: Ball
1-2: Foul Ball, location: 2F
1-2: Foul Ball, location: 2F
1-2: Ball
2-2: Fly out, F8 (Flyball, 8LS)
Batting: LHB Ruud van Ineveld 0-0: Called Strike
0-1: Ball
1-1: Foul Ball, location: 2F
1-2: Foul Ball, location: 2F
1-2: Foul Ball, location: 2F
1-2: Ground out 4-3 (Groundball, 4)
Bottom of the 8th over - 2 runs, 4 hits, 0 errors, 2 left on base; Northern Virginia 11 - Las Vegas 4
TOP OF THE 9TH
Northern Virginia Rainbow Mermaids batting - Pitching for Las Vegas Flamingos : RHP Esteban Ruíz
Pitching: RHP Vaugh Chesser
Batting: RHB Ray Walker 0-0: Called Strike
0-1: Swinging Strike
0-2: Ball
1-2: Ball
2-2: Strikes out swinging
Batting: LHB Shelby Noonan 0-0: SINGLE (Groundball, 34D)
Batting: RHB Luis Yander La O 0-0: Fly out, F5 (Popup, 5)
Batting: LHB Rio Mence 0-0: SINGLE (Flyball, 89S)
Shelby Noonan to second
Runner from 2nd tries for 3rd, SAFE, throw made to third
Batting: RHB Tommy Socorro 0-0: Foul Ball, location: 2F
0-1: Ball
1-1: Ball
2-1: Swinging Strike
2-2: Strikes out swinging
Top of the 9th over - 0 runs, 2 hits, 0 errors, 2 left on base; Northern Virginia 11 - Las Vegas 4
BOTTOM OF THE 9TH
Las Vegas Flamingos batting - Pitching for Northern Virginia Rainbow Mermaids : LHP Francisco Torres
Batting: RHB Shihei Kichikawa 0-0: Ball
1-0: SINGLE (Groundball, 3D)
Pinch Hitting: RHB Daniel Maldonado 0-0: Ball
1-0: Ball
2-0: SINGLE (Line Drive, 7S)
Shihei Kichikawa to second
Batting: LHB Victor Adams 0-0: Ball
1-0: Foul Ball, location: 2F
1-1: Ball
2-1: SINGLE (Flyball, 9LS)
Shihei Kichikawa to third
Daniel Maldonado to second
Batting: LHB Ty Tomblin 0-0: Called Strike
0-1: Reached via error on a dropped throw, E1
Shihei Kichikawa scores
Daniel Maldonado to third
Victor Adams to second
Batting: RHB Xavier Hernández 0-0: Called Strike
0-1: Ball
1-1: Ball
2-1: Ball
3-1: Foul Ball, location: 2F
3-2: Base on Balls
Daniel Maldonado scores
Victor Adams to third
Ty Tomblin to second
Batting: SHB Glyn Bolasky 0-0: Foul Ball, location: 2F
0-1: Ball
1-1: Ball
2-1: Grounds into double play, 6-4-3 (Groundball, 6)
Victor Adams scores
Ty Tomblin to third
Pitching: RHP Keith Johnson
Batting: RHB Ellis Greenham 0-0: Ball
1-0: Swinging Strike
1-1: Ball
2-1: Ball
3-1: Foul Ball, location: 2F
3-2: SINGLE (Line Drive, 78S)
Ty Tomblin scores
Batting: RHB Sun-jae Kwak 0-0: Foul Ball, location: 2F
0-1: Foul Ball, location: 2F
0-2: Foul Ball, location: 2F
0-2: Ball
1-2: Ball
Wild Pitch!
Ellis Greenham to second
2-2: Strikes out swinging
Bottom of the 9th over - 4 runs, 4 hits, 1 error, 1 left on base; Northern Virginia 11 - Las Vegas 8
Friday, March 29th, 2019 - OOTP Baseball 18.8 Build 76